 Dungeon Crawl Stone Soup version 0.21.1-1-g345015f (webtiles) character file.

1304 Monsterracer the Chopper (level 8, -2/49 HPs)
             Began as a Gargoyle Skald on June 10, 2018.
             Was a Believer of Elyvilon.
             Slain by an orc warrior
             ... wielding a +0 short sword
              (11 damage)
             ... on level 5 of the Dungeon on June 11, 2018.
             The game lasted 00:12:56 (6802 turns).

Monsterracer the Chopper (Gargoyle Skald)           Turns: 6802, Time: 00:12:57

Health: -2/49      AC: 14    Str: 16    XL:     8   Next: 57%
Magic:  9/11       EV: 12    Int: 15    God:    Elyvilon [**....]
Gold:   130        SH:  0    Dex:  9    Spells: 2/11 levels left

rFire    . . .     SeeInvis .   a - +2 hand axe (chop)
rCold    + . .     Gourm    .   (no shield)
rNeg     + + .     Faith    .   l - +0 ring mail
rPois    ∞         Spirit   .   A - +2 hat {MR+}
rElec    +         Reflect  .   (no cloak)
rCorr    .         Harm     .   (no gloves)
MR       +....                  o - +0 pair of boots
Stlth    ..........             (no amulet)
HPRegen  0.16/turn              d - ring of protection from cold {!d}
MPRegen  0.12/turn              m - ring of positive energy

@: infused
A: negative energy resistance 1, electricity resistance, unbreathing,
petrification resistance, rot immunity, AC +5
a: Lesser Healing, Heal Other, Divine Protection, Renounce Religion


You were on level 5 of the Dungeon.
You worshipped Elyvilon.
Elyvilon was pleased with you.
You were hungry.

You visited 2 branches of the dungeon, and saw 7 of its levels.
You also visited: Sewer.

You collected 260 gold pieces.
You spent 130 gold pieces at shops.

Inventory:

Hand Weapons
 a - a +2 hand axe of chopping (weapon)
 b - a +0 war axe
 y - a +2 trident of venom
Armour
 l - a +0 ring mail (worn)
 o - a +0 pair of boots (worn)
 A - a +2 hat of magic resistance (worn)
Jewellery
 d - a ring of protection from cold (left hand) {!d}
 m - a ring of positive energy (right hand)
Scrolls
 e - 4 scrolls of remove curse
 g - 4 scrolls of fog
 k - a scroll of identify
 s - 3 scrolls of teleportation
 t - 2 scrolls of magic mapping {!r}
 u - a scroll of blinking
Potions
 f - a potion of magic
 h - 4 potions of haste
 i - a potion of mutation {!q}
 n - a potion of agility
 p - 3 potions of curing
 q - 5 potions of heal wounds
 r - 2 potions of might
 v - a potion of berserk rage {!q}
Books
 w - a book of Minor Magic

   Spells                             Type                      Level
   a - Magic Dart                     Conjuration                  1
   b - Blink                          Translocation                2
   c - Call Imp                       Summoning                    2
   d - Slow                           Hexes                        2
   e - Conjure Flame                  Conjuration/Fire             3
   f - Mephitic Cloud                 Conjuration/Poison/Air       3
Comestibles
 c - 5 rations


   Skills:
 + Level 5.1 Fighting
 * Level 5.8 Axes
 + Level 4.6 Armour
 + Level 3.6 Dodging
 - Level 2.0 Spellcasting
 + Level 3.6 Charms
 + Level 1.9 Invocations


You had 2 spell levels left.
You knew the following spells:

 Your Spells              Type           Power        Failure   Level  Hunger
a - Infusion              Chrm           ##..         9%          1    #......
b - Song of Slaying       Chrm           ##......     13%         2    ###....
d - Spectral Weapon       Hex/Chrm       #.......     50%         3    ###....
j - Regeneration          Chrm/Necr      #.........   50%         3    ###....


Dungeon Overview and Level Annotations

Branches:
Dungeon (6/15)             Temple (1/1) D:4

Altars:
Ashenzari
Cheibriados
Elyvilon
Fedhas
Gozag
Hepliaklqana
Makhleb
Nemelex Xobeh
Okawaru
Qazlal
Ru
Sif Muna
Trog
Vehumet
Wu Jian
Xom
Yredelemnul
Zin

Shops:
D:4 !(

Annotations:
D:6 kae's ghost, novice CeHu


Innate Abilities, Weirdness & Mutations

You are resistant to torment.
Your stone body is resilient. (AC +5)
You are immune to poison.
You resist negative energy. (rN+)
You are resistant to electric shocks. (rElec)
You can survive without breathing.
You are immune to petrification.
You are immune to rotting.


Message History

The worker ant bites you but does no damage.
The worker ant barely misses you.
You hit the worker ant.
The worker ant is heavily wounded.
The worker ant closely misses you.
You hit the worker ant.
You kill the worker ant!
Casting: Infusion
Confirm with . or Enter, or press ? or * to list all spells.
You begin infusing your attacks with magical energy.
You now have 10/11 mp.
You hit the orc warrior.
The orc warrior is lightly wounded.
You closely miss the orc warrior.
The orc warrior is lightly wounded.
The orc warrior hits you with a short sword!
You hit the orc warrior.
The orc warrior is moderately wounded.
The orc warrior hits you with a short sword.
You take 7 damage, and have 40/49 hp.
You hit the orc warrior.
The orc warrior is moderately wounded.
The orc warrior hits you with a short sword!
* * * LOW HITPOINT WARNING * * *
You take 16 damage, and have 24/49 hp.
MASSIVE DAMAGE!!
Kae's ghost says, "You must not succeed where I failed!"
MP restored: 11 You hit the orc warrior but do no damage.
The orc warrior is moderately wounded.
The orc warrior closely misses you.
You closely miss the orc warrior.
The orc warrior is moderately wounded.
The orc warrior misses you.
You hit the orc warrior but do no damage.
The orc warrior is moderately wounded.
The orc warrior hits you but does no damage.
You hit the orc warrior.
The orc warrior is moderately wounded.
The orc warrior barely misses you.
You hit the orc warrior.
The orc warrior is heavily wounded.
Your magical infusion is running out.
The orc warrior hits you with a short sword.
* * * LOW HITPOINT WARNING * * *
The orc wizard casts a spell.
The orc wizard blinks!
You take 5 damage, and have 20/49 hp.
You can now heal and attempt to pacify others.
The orc warrior closely misses you.
The orc wizard gestures wildly while chanting.
The orc wizard blinks!
The orc wizard casts a spell.
The orc wizard blinks!
You are no longer magically infusing your attacks.
The orc wizard gestures at you while chanting.
The magic dart hits you!
There is a stone staircase leading up here.
The orc warrior barely misses you.
You climb upwards.
There is a stone staircase leading down here.
Unknown command.
Casting: Infusion
Confirm with . or Enter, or press ? or * to list all spells.
You begin infusing your attacks with magical energy.
The orc warrior completely misses you.
You now have 10/11 mp.
You hit the orc warrior.
The orc warrior is heavily wounded.
The orc warrior completely misses you.
You now have 9/11 mp.
You hit the orc warrior!
The orc warrior is almost dead.
The orc warrior completely misses you.
The orc wizard gestures wildly while chanting.
The orc wizard blinks!
You now have 8/11 mp.
You barely miss the orc warrior.
The orc warrior is almost dead.
The orc warrior closely misses you.
You hit the orc warrior but do no damage.
The orc warrior is almost dead.
The orc warrior hits you but does no damage.
You completely miss the orc warrior.
The orc warrior is almost dead.
The orc warrior hits you with a short sword.
* * * LOW HITPOINT WARNING * * *
You take 5 damage, and have 17/49 hp.
You hit the orc warrior but do no damage.
The orc warrior is almost dead.
The orc warrior hits you with a short sword!
* * * LOW HITPOINT WARNING * * *
You take 9 damage, and have 8/49 hp.
You hit the orc warrior but do no damage.
The orc warrior is almost dead.
The orc warrior barely misses you.
Unknown command.
You hit the orc warrior.
The orc warrior is almost dead.
The orc warrior hits you with a short sword!
You die...

#.....).# ####### #.........
#####.######.....# #..#...#..
#.........##.....# #_........
#.###.###.##.....# #..#...#..
#.###.###.##.....## #.........
#.##.^.##.#..^....# ##########
#.##...##.#.##.##.# ##.##
#.##...##[#.##.##.#####...#
#>###.###.#....@oo........#
#.###.###.#.#####..##.#...#
#.........#.#####..##.#.### ##
####.....###...........#.# ##. .#
#.....#.#.##.##..##.#.######..
.###......#............#.........
..##.....#.#..............#####..
.........#####...########.# ##.
...#.......# #...# #.# ##


You could see an orc warrior and an orc wizard.

Vanquished Creatures
  3 ogres
  A centaur (D:5)
  2 bullfrogs (Sewer)
  A water moccasin zombie (D:6)
  A howler monkey (D:5)
  4 orc priests
  2 orc wizards (D:4)
  A bullfrog skeleton (D:5)
  6 worker ants
  A hound zombie (D:6)
  Robin (D:2)
  4 gnolls (D:3)
  13 adders
  6 river rats (Sewer)
  2 oozes
  2 worms
  5 dart slugs
  3 leopard geckos
  15 orcs
  4 giant cockroaches
  14 goblins
  13 hobgoblins
  11 jackals
  A kobold (D:1)
  10 ball pythons (Sewer)
  10 bats
  7 frilled lizards
  A jackal skeleton (D:6)
  A jackal zombie (D:5)
  28 rats
173 creatures vanquished.

Notes
Turn   | Place    | Note
-------+----------+-------------------------------------------
     0 | D:1      | Monsterracer the Gargoyle Skald began the quest for the Orb.
     0 | D:1      | Reached XP level 1. HP: 12/12 MP: 3/3
   320 | D:1      | Reached XP level 2. HP: 18/18 MP: 5/5
   635 | D:1      | Reached XP level 3. HP: 22/22 MP: 6/6
   640 | D:1      | Learned a level 3 spell: Regeneration
  1316 | D:2      | Learned a level 2 spell: Song of Slaying
  1443 | D:2      | Noticed Robin
  1454 | D:2      | Killed Robin
  1454 | D:2      | Reached XP level 4. HP: 19/27 MP: 7/7
  1643 | D:2      | Found a burning altar of Makhleb.
  2161 | D:3      | HP: 9/28 [orc priest/hand axe of chopping (7)]
  2164 | D:3      | Reached XP level 5. HP: 32/32 MP: 8/8
  2168 | D:3      | HP: 15/32 [orc priest/divine providence (14)]
  2173 | D:3      | HP: 13/32 [orc/falchion (2)]
  2184 | D:3      | HP: 4/32 [orc/flail (8)]
  2492 | D:3      | HP: 16/32 [gnoll/spear (3)]
  2497 | D:3      | HP: 14/32 [gnoll/flail (1)]
  2504 | D:3      | HP: 11/32 [gnoll/spear (3)]
  2889 | D:3      | Reached XP level 6. HP: 37/37 MP: 9/9
  2974 | D:3      | Found a snail-covered altar of Cheibriados.
  2984 | D:3      | Learned a level 3 spell: Spectral Weapon
  3452 | D:4      | Found Hicoro's Distillery.
  3507 | D:4      | Found Reifoyh's Antique Weapon Emporium.
  3516 | D:4      | Found a glowing drain.
  3572 | D:4      | Reached XP level 7. HP: 32/43 MP: 2/10
  3632 | Sewer    | Entered a sewer
  4351 | Sewer    | Reached skill level 5 in Axes
  4637 | D:4      | Bought a potion of heal wounds for 65 gold pieces
  4637 | D:4      | Bought a potion of berserk rage for 65 gold pieces
  4667 | D:4      | HP: 13/44 [orc priest/divine providence (14)]
  4676 | D:4      | HP: 9/44 [something (2)]
  4683 | D:4      | HP: 9/44 [something (1)]
  5043 | D:4      | Found a staircase to the Ecumenical Temple.
  5114 | Temple   | Entered the Ecumenical Temple
  5213 | Temple   | Became a worshipper of Elyvilon the Healer
  5542 | D:4      | Reached XP level 8. HP: 48/48 MP: 11/11
  5732 | D:5      | Entered Level 5 of the Dungeon
  5735 | D:5      | HP: 22/48 [ogre/giant spiked club (26)]
  5739 | D:5      | Reached skill level 1 in Invocations
  6042 | D:5      | Reached * piety under Elyvilon
  6050 | D:5      | Found a sacrificial altar of Ru.
  6387 | D:5      | Reached skill level 5 in Fighting
  6422 | D:5      | Found a sacrificial altar of Ru.
  6764 | D:6      | Noticed kae's ghost (novice CeHu)
  6773 | D:6      | HP: 24/49 [orc warrior/short sword (16)]
  6783 | D:6      | HP: 20/49 [orc warrior/short sword (6)]
  6784 | D:6      | Reached ** piety under Elyvilon
  6799 | D:5      | HP: 17/49 [orc warrior/short sword (5)]
  6800 | D:5      | HP: 8/49 [orc warrior/short sword (9)]
  6802 | D:5      | Slain by an orc warrior

Skill      XL: |  1  2  3  4  5  6  7  8 |
---------------+-------------------------+-----
Axes           | 2 3 4 5 |  5.8
Armour         | 2 3 4 |  4.6
Fighting       | 3 4 5 |  5.1
Dodging        | 2 3 |  3.6
Charms         | 3 |  3.6
Invocations    | 1 |  1.9
Spellcasting   | |  2.0

Action                   |  1- 3 |  4- 6 |  7- 9 || total
-------------------------+-------+-------+-------++-------
Melee: Hand axe          |   132 |   195 |   245 ||   572
 Cast: Infusion          |       |     3 |     9 ||    12
  Use: Scroll            |       |     9 |     6 ||    15
       Potion            |       |     1 |       ||     1
  Eat: Chunk             |     2 |     7 |    10 ||    19
Armor: Leather armour    |    77 |       |       ||    77
       Ring mail         |    16 |   110 |   137 ||   263
Dodge: Dodged            |   123 |   161 |   152 ||   436

Vault maps used:
D:1:      dpeg_arrival_simpleton_a, st_stairs_8
D:2:      old_standard_altar, first_ration, uniq_robin
D:3:      nicolae_overflow_crystal_walls
D:4:      minmay_temple_entry_glassed_door, gup_sewer_entry_glass, serial_shops,
          nicolae_shop_statue_plus, shop, serial_bayou_pond_c
D:5:      lemuel_coloured_pillars_altar, kennysheep_pointless_box,
          nicolae_ru_path_of_blood
Temple:   regret_index_temple_waves
Sewer:    sewer_minmay_w
